[Event "Early-Titled-Tuesday-Blitz-March-26-2024"]
[Site "Chess.com"]
[Date "2024.03.26"]
[Round "2"]
[White "yaguigor"]
[Black "Igor_Lysyj"]
[Result "1/2-1/2"]
[WhiteElo "2574"]
[BlackElo "2829"]
[TimeControl "180+1"]
[EndTime "8:18:19 PDT"]
[Termination "Game drawn by repetition"]

1. e4 e5 2. Nf3 Nc6 3. Bb5 a6 4. Ba4 Nf6 5. O-O Nxe4 6. d4 b5 7. Bb3 d5 8. dxe5 Be6 9. Nbd2 Be7 10. c3 Qd7 11. Bc2 Bf5 12. Nb3 Bg6 13. Nbd4 Nxd4 14.
cxd4 O-O 15. Be3 f6 16. exf6 Bxf6 17. Ne5 Qe6 18. f3 Nd6 19. Bf4 Bxc2 20. Qxc2 Nc4 21. Rfe1 Qb6 22. Qf2 Rae8 23. b3 Bxe5 24. Bxe5 Nxe5 25.
dxe5 d4 26. b4 Rd8 27. Rad1 Rd5 28. Re4 Rfd8 29. e6 Re8 30. Rexd4 Rxd4 31. Qxd4 Qxe6 32.
a3 h6 33. h4 Qf5 34. Qd5+ Qxd5 35.
Rxd5 Re3 36. Rc5 Rxa3 37. Rxc7 Ra4 38. Ra7 Rxb4 39. Rxa6 Rxh4 40. Rb6 Rb4 41. Kf2 h5 42. g4 hxg4 43. fxg4 Kf7 44. g5 Rf4+ 45. Kg3 Rf5 46. g6+ Ke7 47. Kg4 Rc5 48. Kf4 Rd5 49. Kg4 Rc5 50.
Kf4 Rh5 51. Kg4 Rd5 52. Kf4 Rc5 53. Kg4 Rd5 54. Kf4 Rc5 55. Kg4 Rd5 1/2-1/2

[Event "Early-Titled-Tuesday-Blitz-March-26-2024"]
[Site "Chess.com"]
[Date "2024.03.26"]
[Round "2"]
[White "Chxss_Khxsbu"]
[Black "Mikhail_Golubev"]
[Result "0-1"]
[WhiteElo "1757"]
[BlackElo "2728"]
[TimeControl "180+1"]
[EndTime "8:18:19 PDT"]
[Termination "Mikhail_Golubev won by resignation"]

1. e4 c5 2. Nf3 Nc6 3. d4 cxd4 4.
Nxd4 Nf6 5. Nc3 e6 6. Be2 Bb4 7. Bf3 O-O 8. O-O Ne5 9. Bf4 d6 10. Bxe5 dxe5 11. Nde2 Qb6 12. Qd3 Rd8 13. Qc4 Bd7 14.
Rad1 Rac8 15. Qb3 Qa5 16. a3 Bc5 17. Rd2 Bc6 18. Rfd1 Rxd2 19. Rxd2 Rd8 20. Rxd8+ Qxd8 21. Qc4 Qb6 22. Nd1 g5 23. b4 Be7 24. h3 h5 25. Ng3 h4 26. Nf1 Qd4 27. Nfe3 Nxe4 28. Bxe4 Qxe4 29. c3 Qxc4 30. Nxc4 f6 31. Nde3 b6 32.
Ng4 Kf8 33. Ngxe5 fxe5 34. Nxe5 Be8 35. c4 Bf6 36. Nd3 Ke7 37. c5 Bg6 38. cxb6 axb6 39. Nc1 Bb2 40. Nb3 Bxa3 41. Nd4 Be4 42. Nb5 Bxb4 43.
Nc7 Bc6 44. Nxe6 Kxe6 45. g4 Kf6 0-1

[Event "Early-Titled-Tuesday-Blitz-March-26-2024"]
[Site "Chess.com"]
[Date "2024.03.26"]
[Round "2"]
[White "Predator0608"]
[Black "kai_nov"]
[Result "1-0"]
[WhiteElo "2538"]
[BlackElo "2335"]
[TimeControl "180+1"]
[EndTime "8:18:19 PDT"]
[Termination "Predator0608 won on time"]

1. f4 d5 2. Nf3 Nf6 3. g3 Bg4 4. Bg2 e6 5. O-O Bd6 6. d3 O-O 7. Qe1 Nbd7 8. e4 Bc5+ 9. Kh1 Nb6 10. e5 Nfd7 11. h3 Bh5 12. d4 Be7 13. c3 c5 14.
Nbd2 cxd4 15. Nxd4 Bg6 16. g4 Bh4 17. Qe2 h6 18. N2f3 Be7 19. f5 exf5 20. gxf5 Bh5 21. e6 Nf6 22. Bf4 Ne4 23. Qd3 Bd6 24. Ne5 f6 25.
Ng4 Bxf4 26. Rxf4 Qd6 27. Raf1 Ng5 28. Ne3 Rfd8 29. h4 Ne4 30. Bxe4 dxe4 31. Qxe4 Be8 32. Qxb7 Qe5 33. Qe4 Rxd4 34. Qxd4 Bc6+ 35. Kg1 Qb5 36. c4 Qb4 37. Rg4 Qe7 38. c5 Rd8 39. Qb4 Nd5 40.
Nxd5 Rxd5 41. Qb8+ Kh7 42. b4 Rd2 43. Qf4 Rxa2 44.
Qd6 Qb7 45. Rf2 Ra1+ 46. Rf1 Ra2 47. e7 Bb5 48. Qe6 Bxf1 49. e8=Q Rg2+ 50. Kh1 Rxg4+ 51. c6 1-0

[Event "Early-Titled-Tuesday-Blitz-March-26-2024"]
[Site "Chess.com"]
[Date "2024.03.26"]
[Round "2"]
[White "Sammed_Shete"]
[Black "ernestina08chess"]
[Result "1-0"]
[WhiteElo "2735"]
[BlackElo "2246"]
[TimeControl "180+1"]
[EndTime "8:18:21 PDT"]
[Termination "Sammed_Shete won on time"]

1. e4 c5 2. Nf3 d6 3. Bc4 e6 4. Qe2 Nc6 5. O-O Nf6 6. e5 dxe5 7. Nxe5 Nxe5 8. Qxe5 Be7 9. Nc3 O-O 10. a4 Bd7 11. Bb5 a6 12. Bxd7 Qxd7 13. d3 b5 14. Bf4 Rfd8 15. h3 Nd5 16. Nxd5 exd5 17. axb5 axb5 18.
Qc7 Qxc7 19. Bxc7 Rdc8 20. Be5 f6 21. Bf4 Kf7 22. g4 Bd8 23. Kg2 Be7 24. Kf3 g6 25.
h4 b4 26. h5 g5 27. Bg3 h6 28.
Ke2 c4 29. Kd2 c3+ 30. bxc3 bxc3+ 31. Ke3 Bc5+ 32. d4 Be7 33. Kd3 Rxa1 34. Rxa1 f5 35. gxf5 Kf6 36. Ra6+ Kxf5 37. Rxh6 Bf6 38. Rh7 Re8 39.
Rd7 Rc8 40. Rxd5+ Kg4 41. h6 Rh8 42. Kxc3 Rxh6 43. Kd3 Rh7 44. c4 Rh1 45. Rd6 Rd1+ 46. Ke4 Bg7 47. c5 Re1+ 48. Kd5 Rd1 49. Be5 Bxe5 50.
Kxe5 Kf3 51. c6 Kxf2 52. Rd5 g4 53. c7 Re1+ 54. Kf4 g3 55. c8=Q g2 56. Rg5 1-0

[Event "Early-Titled-Tuesday-Blitz-March-26-2024"]
[Site "Chess.com"]
[Date "2024.03.26"]
[Round "2"]
[White "Irina_Mikhaylova"]
[Black "TangerineandLemon25"]
[Result "1-0"]
[WhiteElo "2307"]
[BlackElo "2587"]
[TimeControl "180+1"]
[EndTime "8:18:21 PDT"]
[Termination "Irina_Mikhaylova won by resignation"]

1. d4 d5 2. Nf3 e6 3. c4 a6 4. cxd5 exd5 5. Nc3 h6 6. Bf4 Nf6 7. e3 Bd6 8. Bxd6 Qxd6 9. Bd3 O-O 10. Ne5 c5 11.
O-O c4 12. Be2 b5 13. a3 Ne4 14. Rc1 Nxc3 15. Rxc3 a5 16. Rc1 b4 17. axb4 axb4 18.
Ra1 Rxa1 19. Qxa1 Qb6 20. Qa4 f6 21. Ng6 Rd8 22. Ra1 Kf7 23. Bh5 Kg8 24. Ne7+ Kf8 25.
Nxd5 Qd6 26. Qxb4 Be6 27. Qxd6+ Rxd6 28. Nf4 Bf7 29. Bxf7 Kxf7 30. Rc1 Rb6 31. Rxc4 Rxb2 32.
Rc7+ Ke8 33. h4 Nd7 34. Ne6 g6 35. Nc5 Rb1+ 36. Kh2 Nxc5 37. dxc5 Rc1 38. c6 Rc4 39. Kg3 Kf8 40. f4 g5 41. hxg5 hxg5 42. Kf3 Kg8 43.
g4 Kf8 44. Rc8+ Kg7 45. Rc7+ Kf8 46. f5 Kg8 47. Kg3 Kf8 48. Kf3 Ke8 49. e4 Kd8 50.
Rd7+ Ke8 51. Rd6 Ke7 52. Re6+ Kf7 53. Ke3 Rc1 54. Kd4 Rg1 55. c7 Rxg4 56. c8=Q Rg1 57. Qd7+ 1-0

[Event "Early-Titled-Tuesday-Blitz-March-26-2024"]
[Site "Chess.com"]
[Date "2024.03.26"]
[Round "2"]
[White "superchess02"]
[Black "Boorchess"]
[Result "1-0"]
[WhiteElo "2852"]
[BlackElo "2573"]
[TimeControl "180+1"]
[EndTime "8:18:22 PDT"]
[Termination "superchess02 won by resignation"]

1. d4 Nf6 2. c4 e6 3. Nc3 Bb4 4. a3 Bxc3+ 5. bxc3 c5 6. e3 d6 7. Bd3 Nc6 8. Ne2 e5 9. O-O b6 10. f4 h6 11. Ng3 Qe7 12. fxe5 dxe5 13. d5 Na5 14. e4 Kd8 15. Be3 Ne8 16. Qf3 Nd6 17. Nh5 f6 18. Qg3 Naxc4 19. Bc1 Ba6 20. Nxg7 Rg8 21.
Ne6+ Kd7 22. Qh3 f5 23. exf5 Qf6 24. Qxh6 Qxh6 25. Bxh6 Ne3 26. Bxa6 Rxg2+ 27. Kh1 Rh8 28. Rg1 Rxh6 29. Rxg2 Nxg2 30. Kxg2 Nxf5 31. Rg1 Ne3+ 32.
Kf3 Nxd5 33. Bc4 Nxc3 34. Rg7+ Kd6 35. Ng5 Rf6+ 36. Ke3 b5 37. Bxb5 Nxb5 38. Ne4+ Ke6 39. Nxf6 Kxf6 40. Rb7 a6 41. a4 Nc3 42. a5 Kf5 43. Rb6 Nd5+ 44. Kd2 e4 45. Rxa6 c4 46. Rc6 e3+ 47. Ke2 c3 48. a6 Ke4 49. Rc4+ Ke5 50.
a7 Nf4+ 51. Kxe3 1-0

[Event "Early-Titled-Tuesday-Blitz-March-26-2024"]
[Site "Chess.com"]
[Date "2024.03.26"]
[Round "2"]
[White "Aradhya2000"]
[Black "Knightmare1014"]
[Result "1-0"]
[WhiteElo "2741"]
[BlackElo "2332"]
[TimeControl "180+1"]
[EndTime "8:18:22 PDT"]
[Termination "Aradhya2000 won by resignation"]

1. d4 d5 2. c4 e6 3. Nc3 Nf6 4. cxd5 exd5 5. Bg5 c6 6. e3 Be7 7. Bd3 h6 8. Bf4 Nbd7 9. h3 Nb6 10. Nf3 Be6 11. Qc2 Nc8 12. O-O Bd6 13. Ne5 O-O 14. Bg3 a5 15. f4 Nh5 16. Bh2 f5 17. Kh1 Ne7 18. Ne2 Nf6 19. Ng3 Ne4 20. Nxe4 fxe4 21.
Be2 Nf5 22. Qd2 Bb4 23. Qd1 Nxe3 24. Qc1 Nxf1 25. Qxf1 Qf6 26. g4 Bd6 27. f5 Bc8 28. Rc1 Re8 29. Qf4 Qg5 30. Qf1 Bxe5 31. dxe5 d4 32.
Bc4+ Kh8 33. Re1 b5 34. Bf7 Re7 35. e6 e3 36. Bd6 Bb7 37. Kh2 Rd8 38. Bxe7 Qxe7 39.
Qf4 c5 40. Kg3 Ba8 41. h4 Qb7 42. Rg1 e2 43. Kf2 d3 44. f6 Qf3+ 45. Qxf3 Bxf3 46. fxg7+ Kxg7 47. e7 e1=Q+ 48. Rxe1 d2 49. exd8=Q dxe1=Q+ 50. Kxe1 Bxg4 51. Qg8+ 1-0

[Event "Early-Titled-Tuesday-Blitz-March-26-2024"]
[Site "Chess.com"]
[Date "2024.03.26"]
[Round "2"]
[White "Zurability"]
[Black "Sina_Movahed"]
[Result "1-0"]
[WhiteElo "2724"]
[BlackElo "3078"]
[TimeControl "180+1"]
[EndTime "8:18:23 PDT"]
[Termination "Zurability won on time"]

1. Nf3 Nf6 2. g3 g6 3. Bg2 Bg7 4. O-O O-O 5. d4 d6 6. c4 Nbd7 7. Nc3 e5 8. e4 exd4 9. Nxd4 Nc5 10.
h3 Re8 11. Re1 h6 12. Nb3 Ne6 13. f4 a5 14. Be3 a4 15. Nd2 a3 16. b3 Nh5 17.
Ne2 Bxa1 18. Qxa1 Qf6 19. e5 dxe5 20. fxe5 Qe7 21. g4 Nhg7 22. Ne4 Rd8 23. Nf6+ Kh8 24. Bxh6 Bd7 25. Rf1 Bc6 26. Be3 Bxg2 27. Kxg2 Ne8 28. Nd5 Qd7 29. Qe1 Kg8 30. Qh4 Qc6 31. Nc3 Rd7 32. Kg1 Rad8 33. Ne7+ Rxe7 34. Qxe7 Qd7 35. Qxa3 Qd3 36. Qc1 Nd4 37. Kf2 Nc2 38. Rd1 Nb4 39. Kf3 Qxd1+ 40. Nxd1 Nd3 41. Qb1 c6 42. Ke2 Nxe5 43.
Nc3 Nc7 44. Ne4 Kf8 45. Bc5+ Kg8 46. Qb2 Nd3 47. Nf6+ Kg7 48. Nh5+ Kh6 49. Qg7+ Kg5 50. Be7+ f6 51. Qxf6+ Kh6 52. Bxd8 1-0

[Event "Early-Titled-Tuesday-Blitz-March-26-2024"]
[Site "Chess.com"]
[Date "2024.03.26"]
[Round "2"]
[White "Misterfox120"]
[Black "shirovin"]
[Result "1-0"]
[WhiteElo "2462"]
[BlackElo "2056"]
[TimeControl "180+1"]
[EndTime "8:18:23 PDT"]
[Termination "Misterfox120 won on time"]

1. d4 Nf6 2. Nc3 e6 3. e4 c5 4. d5 exd5 5. exd5 d6 6. Nf3 Be7 7. Bc4 Bg4 8. O-O O-O 9. Re1 Nbd7 10. Bf4 a6 11. a4 Re8 12. h3 Bh5 13. Qd3 Bg6 14. Qd2 Bf8 15. Nh4 Qc7 16. Nxg6 hxg6 17. Bh2 Rxe1+ 18. Rxe1 Re8 19. Rxe8 Nxe8 20. Ne4 Nef6 21. Qf4 Ne5 22. Nxf6+ gxf6 23. Be2 f5 24. Qd2 Bg7 25. c3 Qb8 26. f4 Nd7 27. g4 fxg4 28.
hxg4 Nf6 29. f5 gxf5 30. gxf5 Qe8 31. Bd3 Qe7 32. Qf2 Ne8 33. Qg3 Qf6 34. Bf1 Qe5 35. Qxe5 Bxe5 36. Bxe5 dxe5 37. b4 cxb4 38. cxb4 Kg7 39.
Kf2 Kf6 40. Ke3 Kxf5 41. Bh3+ Kf6 42. a5 Nd6 43. Bd7 Ke7 44. Bh3 Nb5 45. Bf1 Kd6 46.
Bc4 f5 47. Kd3 Nd4 48. Ke3 f4+ 49. Ke4 f3 50. Bd3 Nb5 51. Bf1 1-0

[Event "Early-Titled-Tuesday-Blitz-March-26-2024"]
[Site "Chess.com"]
[Date "2024.03.26"]
[Round "2"]
[White "Donskov_AN"]
[Black "Byniolus"]
[Result "0-1"]
[WhiteElo "2355"]
[BlackElo "2747"]
[TimeControl "180+1"]
[EndTime "8:18:24 PDT"]
[Termination "Byniolus won by resignation"]

1. e4 d6 2. d4 Nf6 3. Nc3 c6 4. Nf3 Bg4 5. h3 Bh5 6. g4 Bg6 7. Qe2 e6 8. Bf4 Be7 9. O-O-O d5 10. e5 Nfd7 11. h4 h5 12. Bh3 c5 13. Rhg1 Nc6 14. gxh5 Bxh5 15. dxc5 g6 16. Nb5 Nxc5 17. Nd6+ Bxd6 18. exd6 Qf6 19. Qe3 Bxf3 20. Qxf3 Rxh4 21. Rg4 Nd4 22. Rxd4 Rxg4 23. Bxg4 Qxd4 24. Bg5 f5 25. Qh1 Qxg4 26. Qh8+ Kd7 27. Qg7+ Kxd6 28. Be7+ Kc6 29.
Bxc5 Qf4+ 30. Be3 Qd6 31. Qxg6 d4 32. Bd2 Rc8 33. Qg7 Qd7 34. Qe5 b6 35. b3 Kb7 36.
Kb2 Rc7 37. Bf4 Rc5 38. Qb8+ Ka6 39. a4 Qc8 40. Qd6 Rxc2+ 41. Ka3 Qc5+ 42. Qxc5 bxc5 43.
b4 cxb4+ 44. Kxb4 Rxf2 45. Be5 Re2 46. Bxd4 Re4 47. Kc3 Rxd4 48. Kxd4 Ka5 0-1

[Event "Early-Titled-Tuesday-Blitz-March-26-2024"]
[Site "Chess.com"]
[Date "2024.03.26"]
[Round "2"]
[White "DonkyDonkyDonkey"]
[Black "Let_it_be_1"]
[Result "0-1"]
[WhiteElo "2972"]
[BlackElo "2672"]
[TimeControl "180+1"]
[EndTime "8:18:25 PDT"]
[Termination "Let_it_be_1 won by resignation"]

1. e4 e6 2. d4 d5 3. e5 c5 4. c3 Qb6 5. Nf3 Nc6 6. Bd3 cxd4 7. cxd4 Bd7 8. O-O Nxd4 9. Nbd2 Bc5 10. Nxd4 Bxd4 11. Nf3 Ne7 12. Qe2 Nc6 13. Rd1 Bc5 14. a3 a5 15. Bf4 h6 16. h4 Nd4 17. Nxd4 Bxd4 18. Qg4 Kf8 19. Bg3 Rc8 20. Qf4 Bxb2 21. Rab1 Qd4 22. Qf3 Qc3 23. Bf4 Qxa3 24. Be3 Bc6 25. Bg6 Rc7 26. Qf4 Kg8 27. Bd3 Ba4 28. Rd2 Rc1+ 29. Kh2 Rxb1 30. Bxb1 Bc3 31. Rd3 Qb4 32.
Qg3 Qxb1 33. Rxc3 Bc6 34. h5 Kh7 35. Bf4 Qe4 36. Re3 Qf5 37. Qh4 d4 38. Rg3 Rg8 39. f3 a4 40. Bd2 a3 41. Qxd4 Qxh5+ 42. Kg1 Qf5 43. Qa1 Qc2 44. Qd4 a2 45. Bc3 b5 46.
Kh2 Bd5 47. Ba1 Qb1 48. Bc3 b4 49. Ba1 b3 50. f4 Rc8 51. f5 Rc4 52. Qb2 Rh4+ 53.
Rh3 Rxh3+ 54. Kxh3 Qxb2 55. Bxb2 exf5 56. Kg3 Be6 57. Kf4 g5+ 58. Ke3 Kg6 59. g3 f4+ 60. gxf4 gxf4+ 61. Kxf4 h5 62. Kg3 Kg5 63. Bc1+ Kf5 64.
Bb2 Ke4 65. Kh4 Kd3 66. Kxh5 Kc2 67. Bd4 b2 68. Bxb2 Kxb2 69. Kg5 a1=Q 70. Kf6 Qe1 71. Kg7 Qxe5+ 72. Kf8 Qf5 73. Kg8 Bd5 74. Kh8 Qe6 75.
Kg7 f5 76. Kf8 f4 77. Kg7 f3 78. Kh8 f2 0-1

[Event "Early-Titled-Tuesday-Blitz-March-26-2024"]
[Site "Chess.com"]
[Date "2024.03.26"]
[Round "2"]
[White "leoduarte"]
[Black "DishonorOnYourCow"]
[Result "1-0"]
[WhiteElo "2411"]
[BlackElo "2539"]
[TimeControl "180+1"]
[EndTime "8:18:26 PDT"]
[Termination "leoduarte won by resignation"]

1. d4 Nf6 2. Bf4 g6 3. Nc3 d5 4.
e3 Bg7 5. h4 h5 6. Nf3 O-O 7. Qd2 c5 8. Ne5 Nc6 9. Be2 cxd4 10.
exd4 Qb6 11. O-O-O Ne4 12. Nxe4 dxe4 13. g4 Bxg4 14. Bxg4 hxg4 15. h5 Nxe5 16. Bxe5 Rad8 17. Bxg7 Kxg7 18. hxg6 Qxg6 19. d5 b6 20. Qd4+ f6 21. Kb1 Rh8 22. Rxh8 Rxh8 23. d6 exd6 24. Qxd6 Rf8 25.
Qe7+ Rf7 26. Qe6 f5 27. Qe5+ Qf6 28. Qf4 Kg6 29. Rd6 Kg7 30. Rxf6 Rxf6 31. c4 Kg6 32. b3 a5 33. Kc2 Re6 34. a3 Rc6 35. Kc3 Re6 36. b4 axb4+ 37. axb4 Rc6 38. Kd4 Re6 39. Kd5 Re8 40. c5 bxc5 41. bxc5 e3 42. fxe3 Re4 43. Qg3 Kg5 44. c6 f4 45. exf4+ Rxf4 46. Qxf4+ Kxf4 47. c7 g3 48. c8=Q Kf3 49. Qf5+ Kg2 50.
Qe4+ Kh2 51. Qf4 Kh1 52. Qf3+ g2 53. Ke4 Kh2 54. Qe2 Kh1 55. Qh5+ Kg1 56. Kf3 Kf1 57. Qh3 Ke1 58. Qxg2 1-0

[Event "Early-Titled-Tuesday-Blitz-March-26-2024"]
[Site "Chess.com"]
[Date "2024.03.26"]
[Round "2"]
[White "Cobysters"]
[Black "Lukianoo"]
[Result "1/2-1/2"]
[WhiteElo "2571"]
[BlackElo "2810"]
[TimeControl "180+1"]
[EndTime "8:18:29 PDT"]
[Termination "Game drawn by agreement"]

1. c4 Nf6 2. Nc3 e6 3. e4 d5 4. e5 d4 5. exf6 dxc3 6. bxc3 Qxf6 7. d4 Nd7 8. Nf3 b6 9. Bg5 Qg6 10. Bd3 Qh5 11. Be4 Rb8 12. Bc6 Bd6 13. Qa4 f6 14. Be3 Qa5 15. Qxa5 bxa5 16. c5 Be7 17.
O-O Kf7 18. Rfb1 Rd8 19. Nd2 Ba6 20. Rxb8 Nxb8 21. Ba4 Bd3 22. Nb3 Na6 23. Nxa5 Rb8 24.
Bb3 Rb5 25. Nc6 Nb8 26. Nxe7 Kxe7 27. Re1 Nc6 28. Bf4 e5 29. Ba4 Rb1 30. Rxb1 Bxb1 31.
Be3 Na5 32. Bb3 Nxb3 33. axb3 Ba2 34. b4 Bc4 35. f4 exd4 36. Bxd4 c6 37. Kf2 a6 38.
Ke3 Ke6 39. g4 g6 40. Kf3 f5 41. h3 h5 42. gxh5 gxh5 43. Kg3 Kf7 44. Kh4 Kg6 45.
Be5 Bd5 46. Bd6 Bc4 47. Kg3 Bf1 48. Be7 Kf7 49. Bg5 Kg6 50. h4 Kf7 51. Kf2 Bb5 52. Ke3 Ke6 53. Kd4 Ba4 54. c4 Bd1 55. Kc3 Be2 56. Bd8 Bf1 57. Ba5 Be2 58. Kd4 Bf1 59.
Bc7 Be2 60. Be5 Bf1 61. b5 axb5 62. cxb5 Bxb5 63. Kc3 Bf1 64. Kb4 Bb5 65. Ka5 Kd7 66.
Kb6 Bf1 1/2-1/2

[Event "Early-Titled-Tuesday-Blitz-March-26-2024"]
[Site "Chess.com"]
[Date "2024.03.26"]
[Round "2"]
[White "RobertDowneyJr0111"]
[Black "ckgchess"]
[Result "1-0"]
[WhiteElo "2650"]
[BlackElo "2933"]
[TimeControl "180+1"]
[EndTime "8:18:30 PDT"]
[Termination "RobertDowneyJr0111 won by checkmate"]

1. e4 c5 2. Nf3 d6 3. d4 cxd4 4. Nxd4 Nf6 5. Nc3 e5 6. Bb5+ Nbd7 7. Nf5 a6 8. Ba4 b5 9. Bb3 Nc5 10. Ng3 Be7 11. Bd5 Rb8 12. a3 O-O 13. O-O a5 14. b4 axb4 15. axb4 Na6 16. Rb1 Nc7 17. Bb3 Be6 18. Bg5 Nd7 19. Be3 Nb6 20. Nf5 Nc4 21. Bxc4 Bxc4 22. Re1 Re8 23. Qg4 Bf8 24. Rbd1 g6 25. Bh6 Rb6 26. Bxf8 Kxf8 27. Ne3 h5 28. Qf3 Be6 29. Ned5 Nxd5 30. Nxd5 Rc6 31. c3 Bg4 32. Qe3 Bxd1 33. Rxd1 Kg7 34. g3 Qc8 35. Kg2 Qg4 36.
f3 Qe6 37. h4 Ra8 38. Qd3 Ra2+ 39. Rd2 Rxd2+ 40. Qxd2 Ra6 41. Qe2 Ra3 42. Kh2 Qc8 43. Kg2 Qa6 44. Qd3 Ra2+ 45. Kh3 Qc8+ 46. g4 hxg4+ 47.
fxg4 Qc4 48. Qf3 Qe2 49. Qf6+ Kg8 50. Ne7+ Kf8 51. Nxg6+ Kg8 52. Qh8# 1-0

[Event "Early-Titled-Tuesday-Blitz-March-26-2024"]
[Site "Chess.com"]
[Date "2024.03.26"]
[Round "2"]
[White "SmirnovAlexandrA"]
[Black "gurelediz"]
[Result "0-1"]
[WhiteElo "2641"]
[BlackElo "2953"]
[TimeControl "180+1"]
[EndTime "8:18:31 PDT"]
[Termination "gurelediz won by resignation"]

1. e4 c5 2. Nf3 Nc6 3. d4 cxd4 4. Nxd4 a6 5. g3 e6 6. Bg2 Qc7 7. O-O h5 8. Nc3 h4 9. Re1 hxg3 10. hxg3 Bc5 11.
Be3 Ne5 12. Nb3 Bxe3 13. Rxe3 Nf6 14. Nd5 exd5 15. exd5 d6 16. f4 Ng4 17. Re2 Bd7 18.
fxe5 Nxe5 19. Qd4 O-O 20. c3 Rfe8 21. Rae1 Re7 22. Nc1 Rae8 23. a4 Bf5 24. Re3 b5 25. axb5 axb5 26. Nb3 Nd3 27. Rxe7 Rxe7 28. Rxe7 Qxe7 29.
Qh4 Qe3+ 30. Kh2 g5 31. Qd4 Qe2 32. Qf6 Bg6 33. Nd4 Qe5 34. Qxe5 dxe5 35. Nxb5 Nxb2 36.
d6 Kf8 37. Bd5 Bd3 38. Nc7 Nc4 39. d7 Ke7 40. Bc6 Nb6 41. Nd5+ Nxd5 42. Bxd5 f6 43. Kg2 Kxd7 44. Kf2 Kd6 45. Bf7 f5 46. Ke3 e4 47.
Bg6 Ke5 48. Bh7 f4+ 49. gxf4+ gxf4+ 50. Kf2 e3+ 0-1

[Event "Early-Titled-Tuesday-Blitz-March-26-2024"]
[Site "Chess.com"]
[Date "2024.03.26"]
[Round "2"]
[White "Harry_Rakkel"]
[Black "Zhani-Z"]
[Result "1-0"]
[WhiteElo "2731"]
[BlackElo "2209"]
[TimeControl "180+1"]
[EndTime "8:18:31 PDT"]
[Termination "Harry_Rakkel won on time"]

1. e4 e5 2. Nf3 Nc6 3. Bc4 Nf6 4. Ng5 d5 5. exd5 Na5 6. Bb5+ c6 7. dxc6 bxc6 8.
Bd3 Nd5 9. h4 h6 10. Qh5 Qf6 11. Nh7 Rxh7 12. Bxh7 g6 13. Qe2 Nf4 14. Qf3 Qg7 15. d4 Qxh7 16. Bd2 Ne6 17. Bxa5 Nxd4 18. Qc3 Bf5 19. Na3 Bxa3 20. bxa3 Rc8 21. Kf1 Qg7 22. Re1 Kf8 23. Bb4+ Kg8 24. Bd6 e4 25. Bc5 Nb5 26.
Qxg7+ Kxg7 27. a4 Nc7 28. Bxa7 Ra8 29. Bb6 Nd5 30. a5 Nb4 31. c3 Nd3 32. Rb1 Be6 33. a4 Bc4 34. Kg1 Re8 35. Rh3 Re5 36. Re3 Re6 37. f3 f5 38. fxe4 f4 39. Re2 g5 40.
hxg5 hxg5 41. Rd2 Rxe4 42. Rbd1 Ne5 43. Bd4 Kg6 44. Bxe5 Rxe5 45. Rd4 Ba6 46. Rd6+ Kh5 47. Rxc6 Rxa5 48. Rd4 Be2 49. Kf2 Bg4 50. Rd8 Bf5 51. Kf3 Bg6 52. Rh8+ 1-0

[Event "Early-Titled-Tuesday-Blitz-March-26-2024"]
[Site "Chess.com"]
[Date "2024.03.26"]
[Round "2"]
[White "temus_galaktionov"]
[Black "andrew-blr"]
[Result "1-0"]
[WhiteElo "2881"]
[BlackElo "2591"]
[TimeControl "180+1"]
[EndTime "8:18:32 PDT"]
[Termination "temus_galaktionov won on time"]

1. d4 d5 2. c4 e6 3. Nf3 c5 4. cxd5 exd5 5. Nc3 Nc6 6. dxc5 d4 7. Ne4 Bf5 8. Nd6+ Bxd6 9. cxd6 Qxd6 10. Bd2 Nf6 11. g3 O-O 12. Bg2 Rfe8 13. O-O Be4 14. Re1 Qd5 15.
Qa4 d3 16. Qb3 Qh5 17. Bf4 Rad8 18. Rad1 dxe2 19. Rxd8 Rxd8 20. Rxe2 Bd5 21. Qa3 g5 22. Bd2 Bc4 23. Re1 g4 24. Bg5 Qg6 25. Bxf6 Qxf6 26. Nh4 Nd4 27. Qc5 Ne2+ 28. Kh1 b5 29. b3 Bd3 30. Qe3 h6 31. h3 Qc3 32. Rd1 Qc2 33.
Qd2 Qxd2 34. Rxd2 Nc1 35. hxg4 b4 36. Nf3 Rc8 37. Ne5 Bh7 38. Bd5 Kg7 39. Nxf7 Bg8 40. Nd6 Rd8 41. Bxg8 Kxg8 42. Kg2 Nxa2 43. Rxa2 Rxd6 44.
Rxa7 Rd3 45. Kh3 Rxb3 46. f4 Rb1 47. Rb7 b3 48. g5 hxg5 49. f5 b2 50. Kg4 Kf8 51.
Kxg5 Rg1 52. Rxb2 Rxg3+ 53. Kf6 Kg8 54. Rb8+ 1-0

[Event "Early-Titled-Tuesday-Blitz-March-26-2024"]
[Site "Chess.com"]
[Date "2024.03.26"]
[Round "2"]
[White "JJDAREK"]
[Black "1mbl4"]
[Result "0-1"]
[WhiteElo "2388"]
[BlackElo "2579"]
[TimeControl "180+1"]
[EndTime "8:18:32 PDT"]
[Termination "1mbl4 won on time"]

1. d4 Nf6 2. c4 g6 3. Nc3 Bg7 4. e4 d6 5. Be2 O-O 6. Nf3 e5 7. d5 a5 8. Bg5 h6 9. Bh4 Na6 10. Nd2 Nc5 11. O-O Bd7 12. f3 Qe8 13. b3 Nh7 14. a3 f5 15. Qc2 h5 16. b4 Na6 17. Rab1 Bh6 18. Kh1 Be3 19. Bd3 f4 20. c5 axb4 21. axb4 dxc5 22. bxc5 Nxc5 23. Nb3 Nxd3 24.
Qxd3 b6 25. Bf2 Bxf2 26. Rxf2 g5 27. d6 c6 28. Nd2 b5 29. Nb3 g4 30. Nc5 Nf6 31. Rd2 Qf7 32. Nxd7 Nxd7 33. Na2 Rfc8 34. Nb4 Qe6 35. Rc2 c5 36. Qd5 Qxd5 37. Nxd5 Kf7 38. Nc7 b4 39. fxg4 hxg4 40. Nxa8 Rxa8 41. h3 g3 42. Kg1 Ke6 43. Kf1 Ra3 44. Rbc1 Re3 45.
Rxc5 Nxc5 46. Rxc5 Kxd6 47. Rd5+ Ke6 48. Rb5 b3 49.
Rb6+ Kd7 50. Rb5 Kd6 51. Rb6+ Kc5 52. Rb7 Kc4 53. Rc7+ Kd3 54. h4 b2 55. Rb7 Kc2 0-1

[Event "Early-Titled-Tuesday-Blitz-March-26-2024"]
[Site "Chess.com"]
[Date "2024.03.26"]
[Round "2"]
[White "ahmedkandiliii"]
[Black "Aleksandar-Topalov"]
[Result "1-0"]
[WhiteElo "2534"]
[BlackElo "2325"]
[TimeControl "180+1"]
[EndTime "8:18:32 PDT"]
[Termination "ahmedkandiliii won by resignation"]

1. e4 e6 2. d4 d5 3. Nc3 Bb4 4. e5 Qd7 5. Qg4 Bf8 6. Nf3 b6 7. h4 h5 8. Qg3 Ba6 9. Be3 Bxf1 10. Rxf1 Ne7 11. O-O-O Nf5 12. Qf4 c5 13. dxc5 bxc5 14. g4 hxg4 15. Qxg4 Nc6 16. Kb1 Qb7 17. Nxd5 Rb8 18.
b3 c4 19. Nc3 Qb4 20. Ne4 cxb3 21. axb3 Qa3 22. Bc1 Rxb3+ 23. cxb3 Qxb3+ 24. Bb2 Ba3 25. Rd2 Nb4 26. Kc1 Na2+ 27. Kb1 Nb4 28. Nc3 O-O 29. Nd4 Qc4 30. Rg1 Bxb2 31. Nxf5 Qxg4 32. Ne7+ Kh7 33. Rxg4 Bxc3 34. Rd7 Rb8 35. Kc1 Bxe5 36. Rxa7 Nd3+ 37.
Kd2 Nxf2 38. Rg2 Ne4+ 39. Ke3 Nf6 40. Nc6 Nd5+ 41. Ke4 Rc8 42. Nxe5 Nf6+ 43. Ke3 Rc3+ 44. Kd4 Rh3 45. Rxf7 Rxh4+ 46. Kc5 Ne4+ 47. Kc6 Ng5 48. Rxg5 Rc4+ 49. Nxc4 Kh6 50. Rgxg7 1-0

[Event "Early-Titled-Tuesday-Blitz-March-26-2024"]
[Site "Chess.com"]
[Date "2024.03.26"]
[Round "2"]
[White "Revan_2002"]
[Black "Eagle_2019"]
[Result "0-1"]
[WhiteElo "2588"]
[BlackElo "2867"]
[TimeControl "180+1"]
[EndTime "8:18:33 PDT"]
[Termination "Eagle_2019 won on time"]

1. d4 d5 2. c4 e6 3. Nc3 Nf6 4.
cxd5 exd5 5. Bg5 c6 6. e3 Bd6 7. Bd3 O-O 8. Nge2 Re8 9. Qc2 h6 10. Bh4 a5 11. Bg3 Na6 12. a3 Nc7 13. O-O Ne6 14. Bxd6 Qxd6 15. Ng3 Ng5 16. Rae1 Bd7 17. f3 h5 18. Qf2 h4 19. Nf5 Bxf5 20. Bxf5 h3 21.
g3 b5 22. f4 Nge4 23. Nxe4 dxe4 24. Bxh3 b4 25. axb4 axb4 26. Ra1 Nd5 27. Bf5 Qe7 28.
Qd2 g6 29. Bh3 c5 30. Rxa8 Rxa8 31. Rc1 cxd4 32. Qxd4 Nf6 33. Rc6 Nh5 34. Rc8+ Rxc8 35. Bxc8 Qc7 36. Bg4 Ng7 37. Qxb4 Qc1+ 38. Kf2 Qh1 39.
Bh3 Qxh2+ 40. Bg2 Nf5 41. Qxe4 Qxg3+ 42. Ke2 Qh4 43. Qe8+ Kg7 44. Qe5+ Kg8 45. Qe8+ Kg7 46. Qe5+ f6 47. Qc7+ Kh6 48. Be4 Ng3+ 49. Kf3 f5 50. Bd3 Qh3 0-1

[Event "Early-Titled-Tuesday-Blitz-March-26-2024"]
[Site "Chess.com"]
[Date "2024.03.26"]
[Round "2"]
[White "KhazhatulyAlikhan"]
[Black "yuriydovzik"]
[Result "1/2-1/2"]
[WhiteElo "2465"]
[BlackElo "2123"]
[TimeControl "180+1"]
[EndTime "8:18:33 PDT"]
[Termination "Game drawn by repetition"]

1. e4 c6 2. d4 Na6 3. Bxa6 Qa5+ 4. c3 Qxa6 5. Ne2 d5 6. e5 Bf5 7. O-O e6 8. Ng3 Bd3 9. Re1 h6 10. Nd2 Bg6 11. Nf3 Ne7 12. Be3 Nf5 13. Nxf5 Bxf5 14. Qe2 Qxe2 15. Rxe2 Be7 16. a4 a5 17. Ne1 Kd7 18.
f3 b6 19. g4 Bg6 20. Bf2 h5 21. h3 c5 22. Ng2 hxg4 23. hxg4 c4 24. Nf4 Bh7 25.
Kg2 Bg5 26. Bg3 Bxf4 27. Bxf4 Bd3 28. Ree1 Rhb8 29. Rh1 b5 30. axb5 Rxb5 31. Bc1 a4 32. Ra3 Bc2 33. Kg3 Rb3 34. Rh2 Bd3 35. Rd2 Rxa3 36.
bxa3 Rb8 37. Rb2 Rb3 38. Rxb3 cxb3 39. Kf2 Kc6 40. Ke3 Bg6 41. f4 Kb5 42. Kd2 Kc4 43.
g5 Be4 44. Bb2 g6 45. Ba1 Bf5 46. Bb2 Be4 47. Ba1 Bf5 48. Bb2 Bd3 49. Ba1 Be4 50. Bb2 Bf5 51. Bc1 Be4 52. Bb2 Bf5 53. Ke3 Bd3 54.
Kd2 Be4 1/2-1/2